 Dungeon Crawl Stone Soup version 0.22-a0-398-g8bb545f (webtiles) character file.

397 kae the Geomancer (level 6, -1/49 HPs)
             Began as a Deep Dwarf Earth Elementalist on May 4, 2018.
             Slain by a centaur skeleton (4 damage)
             ... on level 4 of the Dungeon.
             The game lasted 00:04:33 (3578 turns).

kae the Geomancer (Deep Dwarf Earth Elementalist)   Turns: 3578, Time: 00:04:33

Health: -1/49      AC:  3    Str: 11    XL:     6   Next: 53%
Magic:  8/11       EV: 11    Int: 18    God:
Gold:   181        SH:  5    Dex: 10    Spells: 11/12 levels left

rFire    . . .     SeeInvis .   x - +1 mace (protect)
rCold    . . .     Gourm    .   z - +2 buckler
rNeg     . . .     Faith    .   c - +0 robe
rPois    .         Spirit   .   (no helmet)
rElec    .         Reflect  .   (no cloak)
rCorr    .         Harm     .   (no gloves)
MR       .....                  v - +0 pair of boots
Stlth    ++........             (no amulet)
HPRegen  0.00/turn              r - -3 ring of dexterity (curse)
MPRegen  0.12/turn              (no ring)

@: non-regenerating
A: damage resistance, heal wounds, sense surroundings 1, no regeneration
a: Heal Wounds


You were on level 4 of the Dungeon.
You were not hungry.

You visited 1 branch of the dungeon, and saw 4 of its levels.

You collected 181 gold pieces.

Inventory:

Hand Weapons
 e - a +0 dagger
 x - a +1 mace of protection (weapon)
Missiles
 b - 81 stones (quivered)
Armour
 c - a +0 robe (worn)
 v - a +0 pair of boots (worn)
 z - a +2 buckler (worn)
Jewellery
 r - a cursed -3 ring of dexterity (left hand)
 s - a +2 ring of dexterity
 t - a +4 ring of dexterity
 A - a cursed ring of protection from fire {unknown}
 D - a cursed amulet of inaccuracy {unknown}
Wands
 q - a wand of digging (13)
 E - a wand of clouds (5)
Scrolls
 h - 2 scrolls of immolation {unknown}
 j - a scroll of enchant armour {unknown}
 m - 3 scrolls of enchant weapon {unknown}
 n - a scroll of remove curse {unknown}
 o - 3 scrolls of identify {unknown}
 u - a scroll of random uselessness {unknown}
 w - a scroll of noise {unknown}
 y - 3 scrolls of amnesia {unknown}
 B - a scroll of teleportation {unknown}
 C - a scroll of fear {unknown}
Potions
 a - a potion of ambrosia {unknown}
 f - a potion of agility {unknown}
 g - 2 potions of curing
 i - a potion of magic {unknown}
 k - a potion of degeneration {unknown}
 l - a potion of haste {unknown}
 p - a potion of brilliance {unknown}
Comestibles
 d - 7 rations


   Skills:
 - Level 2.1 Dodging
 - Level 2.4 Stealth
 + Level 3.6 Spellcasting
   Level 0.8 Transmutations
 * Level 8.3 Earth Magic
 + Level 0.0 Evocations


You had 11 spell levels left.
You knew the following spells:

 Your Spells              Type           Power        Failure   Level  Hunger
a - Sandblast             Erth           ####..       1%          1    None


Dungeon Overview and Level Annotations

Branches:
Dungeon (4/15)
 Temple: D:4-7

Altars:
Kikubaaqudgha

Annotations:
D:3 Sigmund


Innate Abilities, Weirdness & Mutations

You are resistant to damage.
You can heal yourself by infusing magical energy.
You passively map a small area around you.
You do not regenerate.


Message History

Press: ? - help, Shift-Dir - straight line, f/p - orc
Aim: an orc The blast of sand hits the orc.
You kill the orc!
b - 82 stones A frilled lizard comes into view.
Casting: Sandblast (safe; 1% risk of failure)
Confirm with . or Enter, or press ? or * to list all spells.
Aiming: Sandblast (safe; 1% risk of failure)
Press: ? - help, Shift-Dir - straight line, f - centaur skeleton
Aim: a centaur skeleton The blast of sand hits the centaur skeleton.
The centaur skeleton is almost destroyed.
b - 81 stones The centaur skeleton closely misses you.
The orc wizard casts a spell at you. The magic dart hits you!
* * * LOW HITPOINT WARNING * * *
The centaur skeleton hits you.
You die...

* ** * #.#.##
.###### **
#.#.#...#l#§.... ,
..............o..
*............o.....
............!.....
*
.................,,
* #.#....Z†.......
##. *##.......@# ,,
, *
#...##.......:##**
* #.(##........##
** , *
,..##.#......#
#.#.........# ,* *
* .###....##....##
, .#....#.#.....#*
* * #
......#.#....†# ,,
# ##.#..........#
,# *, * #


You could see an orc priest, an orc wizard, a frilled lizard and a centaur
skeleton.

Vanquished Creatures
  A scorpion (D:4)
  A howler monkey (D:4)
  An orc priest (D:2)
  A centaur skeleton (D:4)
  Jessica (D:2)
  2 orc wizards (D:4)
  A worker ant (D:4)
  2 howler monkey skeletons (D:4)
  4 adders
  3 oozes
  2 worms (D:2)
  2 dart slugs
  2 leopard geckos (D:2)
  8 orcs
  A ball python (D:3)
  5 bats
  2 giant cockroaches (D:3)
  7 goblins
  5 hobgoblins
  2 quokkas
  6 frilled lizards
  7 kobolds
  A quokka skeleton (D:4)
  9 rats
  A plant (D:2)
77 creatures vanquished.

Vanquished Creatures (others)
  A plant (D:2)
1 creature vanquished.

Grand Total: 78 creatures vanquished

Notes
Turn   | Place    | Note
-------+----------+-------------------------------------------
     0 | D:1      | kae the Deep Dwarf Earth Elementalist began the quest for the Orb.
     0 | D:1      | Reached XP level 1. HP: 15/15 MP: 3/3
   483 | D:1      | Reached XP level 2. HP: 17/22 MP: 5/5
   882 | D:1      | Reached skill level 5 in Earth Magic
  1401 | D:2      | Reached XP level 3. HP: 17/28 MP: 4/6
  1728 | D:2      | Noticed Jessica
  1736 | D:2      | Killed Jessica
  1811 | D:2      | Reached XP level 4. HP: 18/36 MP: 4/7
  1853 | D:2      | Reached skill level 6 in Earth Magic
  2232 | D:2      | Found an ancient bone altar of Kikubaaqudgha.
  2408 | D:2      | Reached XP level 5. HP: 12/42 MP: 2/9
  2941 | D:3      | Noticed Sigmund
  3187 | D:4      | Reached skill level 7 in Earth Magic
  3236 | D:4      | Reached XP level 6. HP: 29/49 MP: 5/10
  3311 | D:4      | Reached skill level 8 in Earth Magic
  3578 | D:4      | Slain by a centaur skeleton

Vault maps used:
D:1:      dpeg_arrival_tiny_a, nrook_loot_triangle
D:2:      overflow_temple_1_default, first_ration, serial_bayou,
          serial_bayou_lagoon_a, serial_bayou_pond_c, serial_bayou_pond_d,
          serial_bayou_pond_e, minmay_domino_2, uniq_jessica
D:3:      uniq_sigmund
D:4:      grunt_ministairs_15

Skill      XL: |  1  2  3  4  5  6 |
---------------+-------------------+-----
Spellcasting   | 2 3 |  3.6
Earth Magic    | 5 6 7 8 |  8.3
Dodging        | |  2.1
Stealth        | |  2.4
Transmutations | |  0.8

Action                   |  1- 3 |  4- 6 || total
-------------------------+-------+-------++-------
Melee: Unarmed           |    16 |       ||    16
       Dagger            |    42 |    53 ||    95
       Mace              |       |    10 ||    10
 Cast: Sandblast         |    31 |    66 ||    97
 Abil: Heal Wounds       |       |     1 ||     1
  Use: Potion            |       |     1 ||     1
 Stab: Sleeping          |     7 |     1 ||     8
  Eat: Chunk             |     3 |     6 ||     9
Armor: Robe              |    10 |     8 ||    18
Dodge: Dodged            |    42 |    31 ||    73
Block: Buckler           |       |     6 ||     6

Table legend:
 A = Spawn XP
 B = Non-spawn XP
 C = Spawn XP percentage of total XP
 D = Spawn monster count
 E = Non-spawn monster count
 F = Spawn count percentage of total count
 G = Total turns spent on level
                    A         B        C        D         E        F      G
               +---------+---------+-------+---------+---------+-------+---------
         Total |       0 |     568 |   0.0 |       0 |      76 |   0.0 |  3578
               +---------+---------+-------+---------+---------+-------+---------
           D:1 |       0 |      40 |   0.0 |       0 |      21 |   0.0 |  1372
           D:2 |       0 |     144 |   0.0 |       0 |      18 |   0.0 |  1086
           D:3 |       0 |      55 |   0.0 |       0 |      21 |   0.0 |   733
           D:4 |       0 |     329 |   0.0 |       0 |      16 |   0.0 |   387
               +---------+---------+-------+---------+---------+-------+---------
